 Dungeon Sprint DCSS version 0.31-a0-536-ga3e2962e35 (webtiles) character file.

Game seed: 6636381213799754685

2129 Conn the Thaumaturge (level 9, -1/54 HPs)
             Began as an Octopode Fire Elementalist on Aug 13, 2023.
             Was a Believer of Sif Muna.
             Slain by a catoblepas (4 damage)
             ... while petrified by a catoblepas
             ... in the Dungeon (Sprint IX: "|||||||||||||||||||||||||||||").
             The game lasted 00:07:09 (447 turns).

Conn the Thaumaturge (Octopode Fire Elementalist)    Turns: 447, Time: 00:07:09

Health: -1/54      AC:  3    Str:  8    XL:     9   Next: 30%
Magic:  16/25      EV:  2    Int: 21    God:    Sif Muna [**....]
Gold:   0          SH:  0    Dex: 15    Spells: 23/33 levels left

rFire   . . .        h - +2 halberd "Grim Tooth" {holy, *Noise rPois rN+}
rCold   . . .        (shield currently unavailable)
rNeg    + + +        (helmet restricted)
rPois   ∞            (no amulet)
rElec   .            i - +2 ring of protection
rCorr   .            j - +3 ring of dexterity
SInv    .            (no ring)
Will    .....        (no ring)
Stlth   ++++         (no ring)
HPRegen 0.29/turn    (no ring)
MPRegen 0.19/turn    (no ring)
                     (no ring)

%: no teleportation
@: petrified
A: almost no armour, amphibious, 8 rings, camouflage 1, gelatinous body 1,
(nimble swimmer 1), tentacles
a: Renounce Religion, Channel Magic


You were in the Dungeon.
You worshipped Sif Muna.
Sif Muna was pleased with you.
You visited 1 branch

Inventory:

Hand Weapons
 h - the +2 halberd "Grim Tooth" (weapon) {holy, *Noise rPois rN+}
   (You found it in the Dungeon)

   rPois:     It protects you from poison rN+: It protects you from negative
   energy.
   *Noise:    It may make a loud noise when swung.
Jewellery
 i - a +2 ring of protection (left tentacle)
 j - a +3 ring of dexterity (right tentacle)
Wands
 g - a wand of iceblast (10)
Scrolls
 e - 2 scrolls of amnesia
 f - a scroll of blinking
Potions
 a - 2 potions of magic
 b - 5 potions of curing
 c - a potion of heal wounds


   Skills:
 + Level 1.6 Fighting
 + Level 4.7 Dodging
 + Level 5.6 Stealth
 * Level 12.7 Spellcasting
 * Level 8.0 Conjurations
 + Level 3.1 Hexes
 + Level 10.5 Fire Magic
 * Level 6.0 Invocations


You had 23 spell levels left.
You knew the following spells:

 Your Spells              Type           Power      Damage    Failure   Level
a - Foxfire               Conj/Fire      100%       2x1d9     1%          1
b - Scorch                Fire           100%       2d9       1%          2
c - Inner Flame           Hex/Fire       42%        N/A       1%          3
d - Flame Wave            Conj/Fire      51%        2d13      1%          4

Your spell library contained the following spells:

 Spells                   Type           Power      Damage    Failure   Level
 Volatile Blastmotes      Fire/Tloc      70%        2d15      1%          3


Dungeon Overview and Level Annotations

Branches:
Dungeon (1/1)

Altars:
Cheibriados
Dithmenos
Elyvilon
Fedhas
Gozag
Hepliaklqana
Kikubaaqudgha
Makhleb
Nemelex Xobeh
Okawaru
Qazlal
Ru
Sif Muna
Trog
Uskayaw
Vehumet
Wu Jian
Xom
Yredelemnul
Zin
The Shining One
Jiyva
Lugonu


Innate Abilities, Weirdness & Mutations

You cannot wear most types of armour.
You are amphibious.
You can wear up to eight rings at the same time.
Your skin changes colour to match your surroundings (Stealth+).
Your rubbery body absorbs attacks. (AC +1, EV +1)
((You are camouflaged when in or above water. (Stealth+)))
You have tentacles for arms and can constrict up to eight enemies at once.


Message History

Casting: Scorch (safe; 1% risk of failure)
Confirm with . or Enter, or press ? or * to list all spells.
Flames lash the skeletal warrior.
Sif Muna accepts your kill.
The skeletal warrior explodes!
You are engulfed in calcifying dust.
You are slowing down.
Your Spellcasting skill increases to level 12!
Your Conjurations skill increases to level 8!
Your Hexes skill increases to level 3!
Your Invocations skill increases to level 6!
You have reached level 9!
Your experience leads to an increase in your attributes!
Your base attributes are Str 8, Int 19, Dex 12.
Increase (S)trength, (I)ntelligence, or (D)exterity?
You feel clever. x2
Unknown command.
Unknown command.
Unknown command.
Unknown command.
Unknown command.
There's nothing to close nearby.
You are engulfed in calcifying dust.
Your limbs have turned to stone.
You have turned to stone.
You are engulfed in calcifying dust.
The catoblepas breathes a plume of calcifying dust at you.
The blast of calcifying dust hits you.
* * * LOW HITPOINT WARNING * * *
You are engulfed in calcifying dust.
The centaur warrior is engulfed in calcifying dust.
The centaur warrior stops moving altogether!
The centaur warrior is engulfed in calcifying dust.
You are engulfed in calcifying dust.
The centaur warrior is engulfed in calcifying dust.
The catoblepas breathes a plume of calcifying dust at you.
The blast of calcifying dust hits you but does no damage.
You are engulfed in calcifying dust.
The culicivora's many legs skitter faintly.
The catoblepas gores you!
You die...

▓[▓
▓[▓
▓.▓
▓.▓
▓'▓
▓§▓
▓)▓
▓§▓
▓@▓
▓Y▓
▓.▓
▓c▓
▓s▓
▓.▓
▓.▓
▓.▓
▓.▓


You could see a catoblepas, a centaur warrior (petrified) and a culicivora
shaped shifter (petrifying).

Vanquished Creatures
  A skeletal warrior (D)
  2 ugly things (D)
  A wraith (D)
  2 shadows (D)
  A black bear (D)
  2 ogres (D)
  2 wights (D)
  2 orc wizards (D)
  A goblin (D)
  2 hobgoblins (D)
  2 quokkas (D)
  A ball python (D)
19 creatures vanquished.

Vanquished Creatures (others)
  3 foxfires (D)
3 creatures vanquished.

Grand Total: 22 creatures vanquished

Notes
Turn   | Place    | Note
-------+----------+-------------------------------------------
     0 | D        | Conn the Octopode Fire Elementalist began the quest for the
                  | Orb.
     0 | D        | Reached XP level 1. HP: 11/11 MP: 3/3
    56 | D        | Noticed an ogre
    56 | D        | Noticed an orc wizard
    56 | D        | Noticed an ogre
    56 | D        | Noticed a black bear
    61 | D        | Reached XP level 2. HP: 14/17 MP: 5/5
    74 | D        | Learned a level 2 spell: Scorch
    79 | D        | Reached skill level 3 in Spellcasting
    79 | D        | Reached XP level 3. HP: 21/21 MP: 1/8
    86 | D        | Killed an ogre
    87 | D        | Reached skill level 5 in Spellcasting
    87 | D        | Reached XP level 4. HP: 27/27 MP: 4/11
    87 | D        | Killed an ogre
    88 | D        | Reached skill level 6 in Spellcasting
    88 | D        | Reached XP level 5. HP: 31/31 MP: 2/14
   193 | D        | Learned a level 3 spell: Inner Flame
   198 | D        | Learned a level 4 spell: Flame Wave
   203 | D        | Killed a black bear
   204 | D        | Reached skill level 7 in Spellcasting
   204 | D        | Reached skill level 5 in Conjurations
   204 | D        | Reached XP level 6. HP: 36/36 MP: 4/16
   299 | D        | Found a snail-covered altar of Cheibriados.
   299 | D        | Found a shadowy altar of Dithmenos.
   299 | D        | Found a white marble altar of Elyvilon.
   299 | D        | Found a blossoming altar of Fedhas.
   299 | D        | Found an opulent altar of Gozag.
   300 | D        | Found a hazy altar of Hepliaklqana.
   301 | D        | Found a viscous altar of Jiyva.
   302 | D        | Found an ancient bone altar of Kikubaaqudgha.
   303 | D        | Found a corrupted altar of Lugonu.
   304 | D        | Found a burning altar of Makhleb.
   305 | D        | Found a sparkling altar of Nemelex Xobeh.
   306 | D        | Found an iron altar of Okawaru.
   307 | D        | Found a stormy altar of Qazlal.
   308 | D        | Found a sacrificial altar of Ru.
   309 | D        | Found a shimmering blue altar of Sif Muna.
   310 | D        | Found a bloodstained altar of Trog.
   311 | D        | Found a hide-covered altar of Uskayaw.
   312 | D        | Found a radiant altar of Vehumet.
   313 | D        | Found an ornate altar of the Wu Jian Council.
   314 | D        | Found a shimmering altar of Xom.
   315 | D        | Found a basalt altar of Yredelemnul.
   316 | D        | Found a glowing silver altar of Zin.
   317 | D        | Became a worshipper of Sif Muna the Loreminder
   318 | D        | Found a glowing golden altar of the Shining One.
   334 | D        | Got the +2 halberd "Grim Tooth" {holy, *Noise rPois rN+}
   344 | D        | Noticed a wraith
   344 | D        | Noticed a shadow
   344 | D        | Noticed a shadow
   353 | D        | Killed a wraith
   353 | D        | Reached * piety under Sif Muna
   353 | D        | Killed a shadow
   354 | D        | Reached skill level 5 in Stealth
   354 | D        | Reached skill level 9 in Spellcasting
   354 | D        | Reached skill level 1 in Hexes
   354 | D        | Reached XP level 7. HP: 28/42 MP: 4/20
   359 | D        | Killed a shadow
   360 | D        | Reached skill level 10 in Spellcasting
   362 | D        | Reached ** piety under Sif Muna
   363 | D        | Reached XP level 8. HP: 36/47 MP: 20/22
   414 | D        | Noticed a purple ugly thing
   414 | D        | Noticed a green ugly thing
   414 | D        | Noticed a skeletal warrior
   414 | D        | Noticed a centaur warrior
   414 | D        | Noticed a guardian serpent
   414 | D        | Noticed a catoblepas
   419 | D        | a guardian serpent changed into a meliai
   419 | D        | Noticed a meliai (shapeshifter)
   427 | D        | a meliai changed into a tarantella
   427 | D        | Noticed a tarantella (shapeshifter)
   429 | D        | Killed a green ugly thing
   430 | D        | Reached skill level 1 in Fighting
   430 | D        | Reached skill level 11 in Spellcasting
   430 | D        | Killed a purple ugly thing
   431 | D        | Reached skill level 10 in Fire Magic
   431 | D        | Reached skill level 5 in Invocations
   441 | D        | a tarantella changed into a culicivora
   441 | D        | Noticed a culicivora (shapeshifter)
   442 | D        | Killed a skeletal warrior
   443 | D        | Reached skill level 12 in Spellcasting
   443 | D        | Reached XP level 9. HP: 3/54 MP: 15/25
   444 | D        | HP: 2/54 [catoblepas/blast of calcifying dust (2)]
   447 | D        | Slain by a catoblepas

Illustrated notes

Levels and vault maps discovered:
D:        linesprint [early_d, line_temple, items_1, d_10, items_2, lair_1,
          lair_end, items_3, orc_1, orc_end, items_4, d_15, swamp_1, shoals_1,
          snake_1, spider_1, d_20, vaults_1, items_5, swamp_end, shoals_end,
          snake_end, spider_end, vaults_end, d_27, items_6, zot_1, zot_end,
          crypt_end, forest_end, elf_end, slime_end, tomb_end, abyss_end,
          pan_hell_end]

Skill      XL: |  1  2  3  4  5  6  7  8 |
---------------+-------------------------+-----
Stealth        | 3 4 5 |  5.6
Spellcasting   | 3 5 6 7 9 10 12 | 12.7
Conjurations   | 2 3 4 5 6 8 |  8.0
Fire Magic     | 4 6 7 8 9 10 | 10.5
Dodging        | 3 4 |  4.7
Hexes          | 1 3 |  3.1
Invocations    | 3 4 6 |  6.0
Fighting       | 1 |  1.6

Action                     |  1- 3 |  4- 6 |  7- 9 || total
---------------------------+-------+-------+-------++-------
  Melee: Unarmed           |    11 |     4 |       ||    15
         Tentacles         |     5 |     2 |       ||     7
         Constrict         |     3 |     1 |       ||     4
   Cast: Scorch            |     9 |     7 |    13 ||    29
         Flame Wave        |       |     1 |       ||     1
         Inner Flame       |       |     3 |     4 ||     7
         Foxfire           |       |       |     2 ||     2
 Invoke: Channel Magic     |       |       |     2 ||     2
    Use: Potion            |     5 |       |     3 ||     8
         Scroll            |       |     1 |       ||     1
 Armour: Skin              |       |       |     2 ||     2
  Dodge: Dodged            |     8 |     6 |     5 ||    19

Table legend: (Time is in decaauts)
 A = Elapsed time spent in this place.
 B = Non-inter-level travel time spent in this place.
 C = Inter-level travel time spent in this place.
 D = Time resting spent in this place.
 E = Time spent auto-exploring this place.
 F = Levels seen in this place.
 G = Mean time per level.
                   A        B        C        D        E       F      G
               +--------+--------+--------+--------+--------+-----+--------+
         Total |    450 |    450 |      0 |    234 |      0 |   1 |  450.0 |
       Dungeon |    450 |    450 |      0 |    234 |      0 |   1 |  450.0 |
               +--------+--------+--------+--------+--------+-----+--------+

Top non-repeatable levels by time:
       D: 450 daAuts
